 Dungeon Crawl Stone Soup version 0.24-a0-70-gf44d0c5 (webtiles) character file.

Game seed: 3840365335040527464

3789 Kairos the Destroyer (level 10, -11/49 HPs)
             Began as a Vine Stalker Conjurer on Feb 6, 2019.
             Was a Follower of Vehumet.
             Shot with a sling bullet by Joseph (14 damage)
             ... on level 7 of the Dungeon.
             The game lasted 00:38:34 (9586 turns).

Kairos the Destroyer (Vine Stalker Conjurer)        Turns: 9586, Time: 00:38:35

Health: -11/49     AC:  7    Str: 10    XL:     10   Next: 16%
Magic:  0/22       EV: 14    Int: 18    God:    Vehumet [*.....]
Gold:   433        SH:  0    Dex: 16    Spells: 14/24 levels left

rFire    + . .     SeeInvis .   w - +4 dagger (venom)
rCold    . . .     Gourm    .   (no shield)
rNeg     . . .     Faith    .   C - +0 leather armour {rF+}
rPois    .         Spirit   +   k - +1 helmet
rElec    +         Reflect  .   (no cloak)
rCorr    .         Harm     .   h - +1 pair of gloves
MR       ++...                  (no boots)
Stlth    +++.......             y - amulet of the Will of the Gods {rElec MR+ Regen+}
HPRegen  0.96/turn              (no ring)
MPRegen  0.18/turn              (no ring)

@: very slightly contaminated
A: fangs 3, regeneration 1, magic shield, antimagic bite, no potion heal 3, rot
immunity
a: Renounce Religion


You were on level 7 of the Dungeon.
You worshipped Vehumet.
Vehumet was aware of your devotion.
You were very hungry.

You visited 2 branches of the dungeon, and saw 11 of its levels.

You collected 433 gold pieces.

Inventory:

Hand Weapons
 b - a +1 short sword of venom
 w - a +4 dagger of venom (weapon)
 x - a +0 dagger of chaos
 D - a +2 whip of draining
 E - a +1 flail of protection
Missiles
 t - 64 sling bullets
Armour
 h - a +1 pair of gloves (worn)
 k - a +1 helmet (worn)
 C - a +0 leather armour of fire resistance (worn)
Jewellery
 y - the amulet of the Will of the Gods (around neck) {rElec MR+ Regen+}
   (You found it on level 5 of the Dungeon)

   [amulet of regeneration]

   It insulates you from electricity.
   It affects your resistance to hostile enchantments.
   It increases your rate of regeneration.
 G - an uncursed ring of resist corrosion
Wands
 s - a wand of digging (6)
 z - a wand of polymorph (6)
 F - a wand of disintegration (14)
Scrolls
 e - 3 scrolls of enchant weapon {unknown}
 g - 2 scrolls of enchant armour {unknown}
 j - 3 scrolls of teleportation
 l - a scroll of blinking {unknown}
 m - a scroll of fear {unknown}
 n - a scroll of magic mapping
 q - 2 scrolls of amnesia
 r - 3 scrolls of fog {unknown}
 u - 3 scrolls of identify
 v - a scroll of remove curse
 B - a scroll of random uselessness {unknown}
Potions
 a - a potion of brilliance {unknown}
 d - 2 potions of ambrosia {unknown}
 f - a potion of mutation {unknown}
 i - 2 potions of heal wounds {unknown}
 o - 2 potions of degeneration {unknown}
 p - a potion of flight {unknown}
 A - a potion of haste {unknown}
Comestibles
 c - 16 rations


   Skills:
 + Level 3.1 Fighting
 + Level 4.5 Short Blades
 + Level 3.4 Armour
 + Level 4.4 Dodging
 + Level 4.5 Stealth
 + Level 7.9 Spellcasting
 + Level 8.3 Conjurations


You had 14 spell levels left.
You knew the following spells:

 Your Spells              Type           Power        Failure   Level  Hunger
a - Magic Dart            Conj           ####         1%          1    None
b - Searing Ray           Conj           #####.       1%          2    None
c - Regeneration          Chrm/Necr      #.........   36%         3    #......
d - Force Lance           Conj/Tloc      ###.....     24%         4    ###....

Your spell library contained the following spells:

 Spells                   Type           Power        Failure   Level  Hunger
 Sting                    Conj/Pois      ###.         2%          1    None
 Shock                    Conj/Air       ###.         2%          1    None
 Iskenderun's Mystic Bla  Conj           #####...     4%          4    ###....
 Conjure Flame            Conj/Fire      ###.....     7%          3    #......
 Dazzling Spray           Conj/Hex       ###...       7%          3    #......
 Static Discharge         Conj/Air       ###.....     7%          3    #......
 Stone Arrow              Conj/Erth      ###...       7%          3    #......
 Mephitic Cloud           Conj/Pois/Air  ###.....     12%         3    #......
 Animate Skeleton         Necr           N/A          13%         1    None
 Infusion                 Chrm           #...         13%         1    None
 Pain                     Necr           #...         13%         1    None
 Blink                    Tloc           N/A          21%         2    None
 Call Imp                 Summ           #.......     21%         2    None
 Passwall                 Tmut/Erth      #.......     21%         2    None
 Slow                     Hex            #.......     21%         2    None
 Swiftness                Chrm/Air       #.......     21%         2    None
 Fulminant Prism          Conj/Hex       ###.......   24%         4    ###....
 Vampiric Draining        Necr           #.........   36%         3    #......
 Iskenderun's Battlesphe  Conj/Chrm      ###.....     54%         5    #####..
 Lightning Bolt           Conj/Air       ###.......   54%         5    #####..
 Venom Bolt               Conj/Pois      ###.......   54%         5    #####..
 Bolt of Magma            Conj/Fire/Erth ###.......   75%         5    #####..
 Airstrike                Air            #.........   78%         4    ###....
 Animate Dead             Necr           N/A          78%         4    ###....
 Petrify                  Tmut/Erth      #.......     78%         4    ###....
 Excruciating Wounds      Chrm/Necr      #.........   98%         5    #####..
 Iron Shot                Conj/Erth      ###.......   98%         6    ######.
 Orb of Destruction       Conj           #####.....   98%         7    #######
 Spellforged Servitor     Conj/Summ      ###.......   100%        7    #######


Dungeon Overview and Level Annotations

Branches:
Dungeon (10/15)            Temple (1/1) D:5
   Lair: D:8-11         Orc: D:9-12

Altars:
Ashenzari
Cheibriados
Dithmenos
Elyvilon
Gozag
Hepliaklqana
Makhleb
Nemelex Xobeh
Okawaru
Qazlal
Ru
Trog
Vehumet
Wu Jian
Xom
Yredelemnul
Zin
The Shining One

Annotations:
D:7 Joseph


Innate Abilities, Weirdness & Mutations

You have razor-sharp teeth.
Your natural rate of healing is unusually fast.
When hurt, damage is shared between your health and your magic reserves.
Your bite disrupts and absorbs the magic of your enemies.
Potions cannot restore your health.
You are immune to rotting.


Message History

Joseph is moderately wounded.
Joseph hits you with a +0 quarterstaff!
* * * LOW HITPOINT WARNING * * *
You hit Joseph.
Joseph looks as sick as possible!
You bite Joseph. You drain his power.
You feel invigorated.
Joseph is heavily wounded.
Joseph drinks a potion.
Joseph is healed!
Joseph looks more healthy.
You hit Joseph.
Joseph is poisoned.
Joseph is heavily wounded.
Joseph hits you with a +0 quarterstaff!
* * * LOW HITPOINT WARNING * * *
You hit Joseph but do no damage.
Joseph is heavily wounded.
Joseph unwields a +0 quarterstaff.
Joseph wields a +0 hunting sling.
Joseph shoots a sling bullet.
The sling bullet barely misses you.
Joseph shoots a sling bullet.
The sling bullet hits you!
* * * LOW HITPOINT WARNING * * *
You see here a sling bullet.
Joseph shoots a sling bullet.
The sling bullet hits you!
You die...

##...######.##....#
')..........#...[[#
#...........#...).#
##..........#.....#
##...##.....##....#
##...##.....##....#
#.................#
#.................#
##.........[....@.#
##...(..........(.#
#.................#
#...............>.#
#...............@.#
##...##[.##.##....#
##########.#######
#........#
#........#


You could see Joseph.

Vanquished Creatures
  A hippogriff (D:9)
  Sigmund (D:6)
  A wyvern (D:8)
  Edmund (D:6)
  Duvessa (D:4)
  A black bear (D:7)
  2 phantoms (D:4)
  An orc warrior (D:7)
  2 ice beasts (D:8)
  5 sky beasts
  A wolf (D:8)
  2 centaurs
  3 ogres
  2 bullfrogs (D:7)
  A scorpion (D:4)
  Dowan (D:4)
  2 howler monkeys
  3 crimson imps
  A bullfrog zombie (D:5)
  A quasit (D:9)
  A jelly (D:7)
  8 orc priests
  A centaur skeleton (D:5)
  4 hounds
  An iguana (D:4)
  A bullfrog skeleton (D:4)
  7 orc wizards
  Natasha (D:3)
  5 worker ants
  A statue (D:6)
  A bullfrog simulacrum (D:8)
  2 hound zombies
  A howler monkey skeleton (D:6)
  8 adders
  2 white imps (D:8)
  2 oozes
  2 worms
  A dart slug (D:1)
  A leopard gecko (D:2)
  34 orcs
  11 bats
  6 giant cockroaches
  9 goblins
  4 hobgoblins
  11 jackals
  3 quokkas
  6 frilled lizards
  9 kobolds
  2 leopard gecko skeletons
  6 rats
184 creatures vanquished.

Vanquished Creatures (others)
  An orc wizard (D:5)
1 creature vanquished.

Grand Total: 185 creatures vanquished

Notes
Turn   | Place    | Note
-------+----------+-------------------------------------------
     0 | D:1      | Kairos the Vine Stalker Conjurer began the quest for the
                  | Orb.
     0 | D:1      | Reached XP level 1. HP: 9/9 MP: 4/4
   306 | D:1      | Reached XP level 2. HP: 13/13 MP: 0/6
   495 | D:1      | Reached XP level 3. HP: 10/16 MP: 0/7
  1579 | D:2      | Found a white marble altar of Elyvilon.
  1676 | D:2      | Gained mutation: Your natural rate of healing is unusually
                  | fast. [Vine Stalker growth]
  1676 | D:2      | Reached XP level 4. HP: 21/21 MP: 0/9
  1885 | D:2      | Found a sparkling altar of Nemelex Xobeh.
  1885 | D:2      | Found an opulent altar of Gozag.
  2343 | D:3      | Learned a level 2 spell: Searing Ray
  2425 | D:3      | Reached skill level 5 in Conjurations
  2715 | D:3      | Noticed Natasha
  2726 | D:3      | Killed Natasha
  2726 | D:3      | Reached XP level 5. HP: 6/24 MP: 0/10
  2938 | D:4      | Noticed a phantom
  3314 | D:4      | Noticed Duvessa
  3314 | D:4      | Noticed Dowan
  3527 | D:4      | Reached skill level 1 in Short Blades
  3759 | D:4      | HP: 1/24 [phantom (6)]
  4072 | D:4      | Killed Dowan
  4072 | D:4      | Reached XP level 6. HP: 17/29 MP: 7/12
  4266 | D:4      | Reached skill level 1 in Fighting
  4623 | D:4      | Reached XP level 7. HP: 33/33 MP: 10/14
  5156 | D:5      | Entered Level 5 of the Dungeon
  5412 | D:4      | Killed Duvessa
  5412 | D:4      | Reached skill level 6 in Conjurations
  5759 | D:4      | Gained mutation: You have razor-sharp teeth. [Vine Stalker
                  | growth]
  5759 | D:4      | Reached XP level 8. HP: 32/39 MP: 13/16
  5838 | D:4      | Reached skill level 5 in Spellcasting
  5853 | D:4      | Reached skill level 1 in Armour
  5988 | D:5      | Got a brightly glowing ruby amulet
  5989 | D:5      | Identified the amulet of the Will of the Gods {rElec MR+
                  | Regen+} (You found it on level 5 of the Dungeon)
  6034 | D:5      | Found a bloodstained altar of Trog.
  6146 | D:5      | Learned a level 3 spell: Regeneration
  6172 | D:5      | Found a staircase to the Ecumenical Temple.
  6194 | Temple   | Entered the Ecumenical Temple
  6980 | D:6      | Found a radiant altar of Vehumet.
  7041 | D:6      | Became a worshipper of Vehumet
  7060 | D:6      | Reached skill level 7 in Conjurations
  7060 | D:6      | Reached XP level 9. HP: 22/43 MP: 13/18
  7144 | D:6      | Found an ornate altar of the Wu Jian Council.
  7187 | D:6      | Noticed Edmund
  7218 | D:6      | Killed Edmund
  7750 | D:6      | Noticed Sigmund
  7762 | D:6      | Killed Sigmund
  8111 | D:7      | Learned a level 4 spell: Force Lance
  8273 | D:7      | You fall through a shaft for 3 floors!
  8273 | D:10     | Entered Level 10 of the Dungeon
  8348 | D:9      | Reached * piety under Vehumet
  8348 | D:9      | Offered knowledge of Sting by Vehumet.
  8348 | D:9      | Reached skill level 8 in Conjurations
  8849 | D:7      | Reached XP level 10. HP: 31/49 MP: 11/22
  8963 | D:7      | Identified the Grimoire of the Helpful Mountains
  9049 | D:8      | Found a shimmering altar of Xom.
  9049 | D:8      | Found a burning altar of Makhleb.
  9562 | D:8      | Noticed Joseph
  9585 | D:7      | HP: 2/49 [Joseph/sling bullet (10)]
  9586 | D:7      | Shot with a sling bullet by Joseph

Vault maps used:
D:1:      shiori_arrival_elements, layout_basic
D:2:      layout_loops_corners, grunt_temple_overflow_opulence,
          elyvilon_altar_4, minmay_quantized
D:3:      layout_basic, first_ration, uniq_natasha
D:4:      layout_basic, uniq_duvessa
D:5:      layout_basic, minmay_temple_entry_proselytizer, basic_altar,
          hex_medium, chequers_avenue
D:6:      layout_loops_ring, nicolae_overflow_hidden_temple, vehumet_statue,
          uniq_edmund, uniq_sigmund
D:7:      layout_gridville
D:8:      layout_loops_ring, grunt_temple_overflow_champion_of_chaos,
          lemuel_blue_sif_altar, serial_ice, serial_ice_f, serial_ice_n,
          serial_ice_j, serial_ice_m, uniq_joseph
D:9:      layout_basic, fedhas_ov_isle_minmay, nrook_loot_triangle,
          david_nohive_1
D:10:     layout_long_grid, erik_lair_orcish_takeover, uniq_harold
Temple:   cyrus_circular_temple

Skill      XL: |  1  2  3  4  5  6  7  8  9 |
---------------+----------------------------+-----
Conjurations   | 5 6 7 8 |  8.3
Dodging        | 2 3 4 |  4.4
Spellcasting   | 3 4 5 7 |  7.9
Short Blades   | 1 2 3 4 |  4.5
Stealth        | 3 4 |  4.5
Fighting       | 1 2 3 |  3.1
Armour         | 2 3 |  3.4

Action                   |  1- 3 |  4- 6 |  7- 9 | 10-12 || total
-------------------------+-------+-------+-------+-------++-------
Melee: Short sword       |    19 |    86 |       |       ||   105
       Bite              |     5 |    25 |    59 |    14 ||   103
       Dagger            |       |    24 |   187 |    37 ||   248
 Cast: Magic Dart        |    65 |   110 |   198 |    24 ||   397
       Searing Ray       |       |    13 |    20 |     1 ||    34
  Use: Scroll            |       |     4 |     3 |       ||     7
 Stab: Sleeping          |     2 |       |       |       ||     2
  Eat: Chunk             |     3 |     6 |     8 |       ||    17
       Ration            |       |     1 |     2 |       ||     3
Armor: Robe              |     2 |    23 |     2 |       ||    27
       Leather armour    |       |       |    86 |    12 ||    98
       Skin              |       |       |       |     3 ||     3
Dodge: Dodged            |    18 |    68 |   168 |    28 ||   282

Table legend:
 A = Non-vault XP
 B = Vault XP
 C = Vault XP percentage of total XP
 D = Non-vault monster count
 E = Vault monster count
 F = Vault count percentage of total count
                 A         B        C        D         E       F
            +---------+---------+-------+---------+---------+-------
      Total |    4242 |    1172 |  21.6 |     167 |      18 |   9.7
            +---------+---------+-------+---------+---------+-------
        D:1 |      54 |       0 |   0.0 |      28 |       0 |   0.0
        D:2 |      35 |       8 |  18.6 |      17 |       4 |  19.0
        D:3 |      51 |      33 |  39.3 |      18 |       1 |   5.3
        D:4 |    1027 |     214 |  17.2 |      34 |       2 |   5.6
        D:5 |     847 |      43 |   4.8 |      20 |       1 |   4.8
        D:6 |     590 |     404 |  40.6 |      21 |       3 |  12.5
        D:7 |     812 |       0 |   0.0 |      17 |       0 |   0.0
        D:8 |     413 |     470 |  53.2 |       5 |       7 |  58.3
        D:9 |     411 |       0 |   0.0 |       6 |       0 |   0.0
       D:10 |       2 |       0 |   0.0 |       1 |       0 |   0.0
            +---------+---------+-------+---------+---------+-------
